Islanders vs Devils

Created - 10 octobre 2017 at 19:24

Goals
1 2 3 T
Islanders 0 0 2 2
Devils 1 2 1 4
Shots
1 2 3 T
Islanders 7 2 10 19
Devils 11 15 11 37

1st period

1. Devils , Jordan Staal 2 (Justin Schultz 2, Roman Lyubimov 1) at 8:52

Penalties :
Jordan Staal (NJD) for Slashing (Minor) at 3:41, Roman Polak (NYI) for Interference (Minor) at 6:08, Josh Anderson (NYI) for Hooking (Minor) at 18:33

2nd period

2. Devils , Mike Cammalleri 2 (Jordan Staal 1) at 7:20
3. Devils , Boyd Gordon 2 (Steven Kampfer 1) at 14:31

Penalties :
Andy Greene (NYI) for Hooking (Minor) at 0:42, Pierre-Alexandr Parenteau (NYI) for Hooking (Minor) at 4:12, Josh Manson (NYI) for Hooking (Minor) at 9:23, Josh Manson (NYI) for Interference (Minor) at 15:50

3rd period

4. Islanders , Josh Manson 1 (Brian Boyle 2, Braden Holtby) at 2:01 (PP)
5. Islanders , Luca Sbisa 1 (Lars Eller 1, Tom Kuhnhackl 1) at 6:36 (PP)
6. Devils , Nikolay Kulemin 2 (Drew Stafford 1, Shayne Gostisbehere 2) at 14:15 (PP)

Penalties :
Dougie Hamilton (NJD) for Tripping (Minor) at 0:07, Roman Lyubimov (NJD) for Holding (Minor) at 5:27, Derek Forbort (NYI) for Hooking (Minor) at 12:17, Roman Polak (NYI) for Hooking (Minor) at 18:57

Goalie Stats

Braden Holtby (NYI), 33 saves from 37 shots - (0.892), L, 0-2-1, 60:00 minutes
Michal Neuvirth (NJD), 17 saves from 19 shots - (0.895), W, 1-1-0, 60:00 minutes

Players Stats for Islanders

Player Name              G  A  P  +/- PIM S  H  SB GA TA FO     MP     PP MP  PK MP  
------------------------------------------------------------------------------------
Andy Greene              0  0  0   0  2   3  1  4  0  0  0/0    22:35   1:52   7:38 
Brian Boyle              0  1  1   0  0   0  3  0  0  0  12/20  18:30   2:44   8:26 
Colin Wilson             0  0  0  -2  0   1  0  0  0  0  0/5    17:44   1:49   5:03 
Derek Forbort            0  0  0   0  2   0  2  2  0  0  0/0    20:42   0:00   6:58 
Jean-Sebastien Dea       0  0  0  -1  0   4  0  0  0  0  5/10    9:06   0:00   0:06 
Josh Anderson            0  0  0   0  2   1  1  0  0  0  1/1    13:29   0:29   0:09 
Josh Jooris              0  0  0  -1  0   0  2  0  0  0  1/1     9:00   0:00   0:00 
Josh Manson              1  0  1   0  4   1  3  0  0  0  0/0    22:34   2:41   5:22 
Lars Eller               0  1  1   0  0   2  1  0  0  0  7/16   20:44   2:18   5:34 
Luca Sbisa               1  0  1  -3  0   2  2  3  0  0  0/0    13:02   0:29   0:03 
Matt Read                0  0  0   0  0   1  0  0  0  0  1/2     8:03   0:43   0:00 
Nate Thompson            0  0  0  -2  0   0  0  0  0  0  19/27  20:07   2:01   7:14 
Niklas Hjalmarsson       0  0  0   0  0   0  0  1  0  0  0/0    24:34   3:10   6:56 
Patrick Sharp            0  0  0   0  0   1  1  0  0  0  0/0    16:46   2:44   1:10 
Pierre-Alexandr Parentea 0  0  0  -2  2   2  2  0  0  0  0/1    12:40   1:49   0:00 
Roman Polak              0  0  0  -3  4   0  3  0  0  0  0/0    16:18   1:52   2:42 
Tom Kuhnhackl            0  1  1   0  0   0  0  0  0  0  0/0     7:49   0:29   0:00 
Zack Kassian             0  0  0  -1  0   1  1  0  0  0  1/1    11:15   0:00   2:15 

Players Stats for Devils

Player Name              G  A  P  +/- PIM S  H  SB GA TA FO     MP     PP MP  PK MP  
------------------------------------------------------------------------------------
Ales Hemsky              0  0  0   1  0   2  1  0  0  0  1/1    13:34   0:38   0:00 
Anton Stralman           0  0  0   0  0   4  1  0  0  0  0/0    22:53   8:10   2:41 
Boyd Gordon              1  0  1   1  0   1  0  0  0  0  7/14   14:09   0:00   0:56 
Chris Terry              0  0  0   1  0   1  1  0  0  0  0/0     6:56   0:14   0:03 
Dougie Hamilton          0  0  0   0  2   4  1  2  0  0  0/0    23:52   7:57   1:30 
Drew Stafford            0  1  1   0  0   3  1  0  0  0  0/1    17:58   6:33   0:00 
Dustin Brown             0  0  0   1  0   4  4  0  0  0  1/2    19:58   7:54   3:00 
Jakub Kindl              0  0  0   1  0   0  0  1  0  0  0/0    13:16   0:27   0:00 
Jordan Staal             1  1  2   2  2   5  2  1  0  0  13/25  25:02   8:07   1:30 
Justin Schultz           0  1  1   2  0   3  3  0  0  0  0/0    21:40   6:30   2:21 
Mike Cammalleri          1  0  1   1  0   3  1  0  0  0  0/0    18:37   7:54   1:39 
Nikolay Kulemin          1  0  1   0  0   4  0  0  0  0  3/4    19:26   6:22   1:39 
Pavel Zacha              0  0  0   0  0   1  0  0  0  0  8/27   19:12   6:33   1:14 
Roman Lyubimov           0  1  1   1  2   0  0  0  0  0  4/9     6:41   0:00   0:03 
Ryan Pulock              0  0  0   0  0   0  0  0  0  0  0/0     3:06   0:00   0:27 
Scott Wilson             0  0  0   1  0   1  1  0  0  0  0/1    13:23   0:27   0:00 
Shayne Gostisbehere      0  1  1   2  0   1  1  0  0  0  0/0    21:40   6:30   2:21 
Steven Kampfer           0  1  1   1  0   0  0  0  0  0  0/0    13:32   0:14   0:44 

3 Stars

1 - Jordan Staal (NJD)
2 - Mike Cammalleri (NJD)
3 - Justin Schultz (NJD)

Power Play

Islanders - 2 on 3 Attempt(s) - 66.67%
Devils - 1 on 8 Attempt(s) - 12.50%

Penalty Kill

Islanders - 7 on 8 Attempt(s) - 87.50% - Score 0 goal in Penalty Kill
Devils - 1 on 3 Attempt(s) - 33.33% - Score 0 goal in Penalty Kill

Team Stat

Islanders - Hits : 22 - Faceoff Wins : 47 - Blocked Shots : 10 - Penalty Minutes : 16
Devils - Hits : 17 - Faceoff Wins : 37 - Blocked Shots : 4 - Penalty Minutes : 6

Official

Referees : Ian Walsh and TJ Luxmore
Linesman : Greg Devorski and John Grandt

Game Notes

No Game Note

Finance

Level 1 -- Attendance: 6000 (100.00%) -- Ticket Income 684 000 $
Level 2 -- Attendance: 3658 (73.16%) -- Ticket Income 310 930 $
Level 3 -- Attendance: 2000 (100.00%) -- Ticket Income 168 000 $
Level 4 -- Attendance: 2818 (77.74%) -- Ticket Income 61 996 $
Luxury Box -- Attendance: 895 (89.50%) -- Ticket Income 204 060 $
Game was played at the Prudential Center.
Total Attendance: 15371 (87.21%)
Total Ticket Income: 1 428 986 $
Other Income: 214 348 $
Total Income: 1 643 334 $

% Time on Ice - Islanders

Lines # - Real PCT - Wanted PCT - Time Play
Normal Forward
1 - 32% - 40% - 12:52
2 - 27% - 30% - 10:52
3 - 18% - 20% - 7:20
4 - 22% - 10% - 9:00
Normal Defense
1 - 36% - 46% - 14:33
2 - 33% - 34% - 13:06
3 - 29% - 20% - 11:46
4 - 2% - 0% - 0:39
PP Forward
1 - 64% - 60% - 3:13
2 - 36% - 40% - 1:49
PP Defense
1 - 63% - 60% - 3:10
2 - 37% - 40% - 1:52
PK Forward
1 - 66% - 60% - 9:51
2 - 34% - 40% - 5:03
PK Defense
1 - 55% - 60% - 8:12
2 - 45% - 40% - 6:42
PK3 Forward
1 - 0% - 60%
2 - 0% - 40%
PK3 Defense
1 - 0% - 60%
2 - 0% - 40%
44 Forward
1 - 0% - 60%
2 - 0% - 40%
44 Defense
1 - 0% - 60%
2 - 0% - 40%
Last Minute Offensive  - 0:00
Last Minute Defensive  - 0:00
Total
Forward - 60:00
Defense - 60:00

% Time on Ice - Devils

Lines # - Real PCT - Wanted PCT - Time Play
Normal Forward
1 - 23% - 40% - 9:04
2 - 28% - 30% - 11:25
3 - 32% - 20% - 12:56
4 - 17% - 10% - 6:39
Normal Defense
1 - 30% - 40% - 12:02
2 - 32% - 30% - 12:49
3 - 31% - 20% - 12:34
4 - 7% - 10% - 2:39
PP Forward
1 - 54% - 60% - 8:07
2 - 46% - 40% - 6:47
PP Defense
1 - 55% - 60% - 8:10
2 - 45% - 40% - 6:44
PK Forward
1 - 67% - 60% - 3:23
2 - 33% - 40% - 1:39
PK Defense
1 - 53% - 60% - 2:41
2 - 47% - 40% - 2:21
PK3 Forward
1 - 0% - 60%
2 - 0% - 40%
PK3 Defense
1 - 0% - 60%
2 - 0% - 40%
44 Forward
1 - 0% - 60%
2 - 0% - 40%
44 Defense
1 - 0% - 60%
2 - 0% - 40%
Last Minute Offensive  - 0:00
Last Minute Defensive  - 0:00
Total
Forward - 60:00
Defense - 60:00

Play by Play

1st period


0:01 of 1st period - Lars Eller wins face-off versus Jordan Staal in neutral zone.
1:29 of 1st period - Icing by Shayne Gostisbehere.
1:30 of 1st period - Brian Boyle wins face-off versus Pavel Zacha in Devils zone.
2:18 of 1st period - Icing by Steven Kampfer.
2:19 of 1st period - Boyd Gordon wins face-off versus Lars Eller in Devils zone.
3:28 of 1st period - Icing by Jakub Kindl.
3:29 of 1st period - Nate Thompson wins face-off versus Boyd Gordon in Devils zone.
3:41 of 1st period - Minor Penalty to Jordan Staal for Slashing.
3:42 of 1st period - Nate Thompson wins face-off versus Pavel Zacha in Devils zone.
3:43 of 1st period - Shot by Andy Greene.
3:43 of 1st period - Stopped by Michal Neuvirth with a rebound.
4:04 of 1st period - Patrick Sharp is hit by Justin Schultz and loses puck.
4:11 of 1st period - Shot by Patrick Sharp.
4:11 of 1st period - Stopped by Michal Neuvirth with a rebound.
4:31 of 1st period - Shot by Pierre-Alexandr Parenteau.
4:31 of 1st period - Stopped by Michal Neuvirth with a rebound.
4:33 of 1st period - Shot by Colin Wilson.
4:33 of 1st period - Stopped by Michal Neuvirth with a rebound.
5:35 of 1st period - Shot by Patrick Sharp.
5:35 of 1st period - Shot Misses the Net.
5:37 of 1st period - Shot by Andy Greene.
5:37 of 1st period - Stopped by Michal Neuvirth without a rebound.
5:38 of 1st period - Matt Read wins face-off versus Roman Lyubimov in Devils zone.
5:57 of 1st period - Shot by Jordan Staal.
5:57 of 1st period - Shot Misses the Net.
5:59 of 1st period - Shot by Jordan Staal.
5:59 of 1st period - Shot Misses the Net.
6:01 of 1st period - Shot by Dougie Hamilton.
6:01 of 1st period - Stopped by Braden Holtby without a rebound.
6:02 of 1st period - Brian Boyle wins face-off versus Roman Lyubimov in Islanders zone.
6:08 of 1st period - Minor Penalty to Roman Polak for Interference.
6:09 of 1st period - Jordan Staal wins face-off versus Nate Thompson in Islanders zone.
7:11 of 1st period - Shot by Dougie Hamilton.
7:11 of 1st period - Deflect By Drew Stafford.
7:11 of 1st period - Shot Misses the Net.
7:15 of 1st period - Shot by Anton Stralman.
7:15 of 1st period - Stopped by Braden Holtby without a rebound.
7:16 of 1st period - Pavel Zacha wins face-off versus Colin Wilson in Islanders zone.
8:25 of 1st period - Shot by Scott Wilson.
8:25 of 1st period - Shot Blocked by Luca Sbisa.
8:50 of 1st period - Shot by Justin Schultz.
8:50 of 1st period - Shot Misses the Net.
8:52 of 1st period - Shot by Jordan Staal.
8:52 of 1st period - Goal by Jordan Staal - Islanders : 0 - Devils : 1.
8:53 of 1st period - Roman Lyubimov wins face-off versus Lars Eller in neutral zone.
9:07 of 1st period - Shot by Chris Terry.
9:07 of 1st period - Stopped by Braden Holtby without a rebound.
9:08 of 1st period - Brian Boyle wins face-off versus Jordan Staal in Islanders zone.
9:34 of 1st period - Andy Greene is hit by Dustin Brown and loses puck.
9:46 of 1st period - Icing by Derek Forbort.
9:47 of 1st period - Brian Boyle wins face-off versus Scott Wilson in Islanders zone.
9:57 of 1st period - Icing by Boyd Gordon.
9:58 of 1st period - Boyd Gordon wins face-off versus Lars Eller in Devils zone.
10:19 of 1st period - Shot by Josh Manson.
10:19 of 1st period - Shot Blocked by Dougie Hamilton.
10:25 of 1st period - Shot by Lars Eller.
10:25 of 1st period - Deflect By Josh Anderson.
10:25 of 1st period - Stopped by Michal Neuvirth with a rebound.
10:29 of 1st period - Shot by Lars Eller.
10:29 of 1st period - Shot Misses the Net.
10:31 of 1st period - Shot by Lars Eller.
10:31 of 1st period - Shot Misses the Net.
11:04 of 1st period - Shot by Nikolay Kulemin.
11:04 of 1st period - Shot Misses the Net.
11:06 of 1st period - Shot by Shayne Gostisbehere.
11:06 of 1st period - Shot Misses the Net.
11:43 of 1st period - Mike Cammalleri is hit by Luca Sbisa and loses puck.
11:55 of 1st period - Dustin Brown is hit by Roman Polak and loses puck.
12:13 of 1st period - Jordan Staal is hit by Roman Polak and loses puck.
12:34 of 1st period - Shot by Matt Read.
12:34 of 1st period - Shot Blocked by Dougie Hamilton.
12:42 of 1st period - Icing by Matt Read.
12:43 of 1st period - Brian Boyle wins face-off versus Pavel Zacha in Islanders zone.
12:58 of 1st period - Shot by Drew Stafford.
12:58 of 1st period - Shot Misses the Net.
13:00 of 1st period - Shot by Pavel Zacha.
13:00 of 1st period - Shot Misses the Net.
13:02 of 1st period - Shot by Justin Schultz.
13:02 of 1st period - Stopped by Braden Holtby without a rebound.
13:03 of 1st period - Lars Eller wins face-off versus Boyd Gordon in Islanders zone.
13:58 of 1st period - Shot by Drew Stafford.
13:58 of 1st period - Stopped by Braden Holtby without a rebound.
13:59 of 1st period - Brian Boyle wins face-off versus Jordan Staal in Islanders zone.
13:59 of 1st period - Brian Boyle is hit by Dustin Brown.
14:13 of 1st period - Shot by Dustin Brown.
14:13 of 1st period - Shot Misses the Net.
14:15 of 1st period - Shot by Dustin Brown.
14:15 of 1st period - Stopped by Braden Holtby without a rebound.
14:16 of 1st period - Roman Lyubimov wins face-off versus Jean-Sebastien Dea in Islanders zone.
14:43 of 1st period - Shot by Jordan Staal.
14:43 of 1st period - Stopped by Braden Holtby without a rebound.
14:44 of 1st period - Brian Boyle wins face-off versus Pavel Zacha in Islanders zone.
14:51 of 1st period - Icing by Anton Stralman.
14:52 of 1st period - Brian Boyle wins face-off versus Pavel Zacha in Devils zone.
14:59 of 1st period - Shot by Matt Read.
14:59 of 1st period - Shot Misses the Net.
15:14 of 1st period - Off-side.
15:15 of 1st period - Boyd Gordon wins face-off versus Lars Eller in neutral zone.
15:46 of 1st period - Ales Hemsky is hit by Josh Manson.
16:10 of 1st period - Shot by Dustin Brown.
16:10 of 1st period - Stopped by Braden Holtby without a rebound.
16:11 of 1st period - Nikolay Kulemin wins face-off versus Nate Thompson in Islanders zone.
16:39 of 1st period - Shot by Pierre-Alexandr Parenteau.
16:39 of 1st period - Stopped by Michal Neuvirth without a rebound.
16:40 of 1st period - Jordan Staal wins face-off versus Brian Boyle in Devils zone.
17:19 of 1st period - Shot by Mike Cammalleri.
17:19 of 1st period - Stopped by Braden Holtby without a rebound.
17:20 of 1st period - Jean-Sebastien Dea wins face-off versus Pavel Zacha in Islanders zone.
17:20 of 1st period - Jean-Sebastien Dea is hit by Drew Stafford.
17:39 of 1st period - Andy Greene is hit by Shayne Gostisbehere.
18:14 of 1st period - Shot by Patrick Sharp.
18:14 of 1st period - Shot Misses the Net.
18:33 of 1st period - Minor Penalty to Josh Anderson for Hooking.
18:34 of 1st period - Jordan Staal wins face-off versus Nate Thompson in Islanders zone.
19:48 of 1st period - Shot by Ales Hemsky.
19:48 of 1st period - Stopped by Braden Holtby without a rebound.
19:49 of 1st period - Nate Thompson wins face-off versus Drew Stafford in Islanders zone.
Goals for this period are 0 for Islanders vs 1 for Devils.
Shots for this period are 7 for Islanders vs 11 for Devils.

2nd period


0:01 of 2nd period - Brian Boyle wins face-off versus Jordan Staal in neutral zone.
0:27 of 2nd period - Shot by Dougie Hamilton.
0:27 of 2nd period - Shot Blocked by Derek Forbort.
0:29 of 2nd period - Shot by Anton Stralman.
0:29 of 2nd period - Stopped by Braden Holtby without a rebound.
0:30 of 2nd period - Nikolay Kulemin wins face-off versus Lars Eller in Islanders zone.
0:31 of 2nd period - Shot by Justin Schultz.
0:31 of 2nd period - Shot Misses the Net.
0:33 of 2nd period - Shot by Nikolay Kulemin.
0:33 of 2nd period - Shot Blocked by Andy Greene.
0:35 of 2nd period - Shot by Boyd Gordon.
0:35 of 2nd period - Shot Misses the Net.
0:37 of 2nd period - Shot by Scott Wilson.
0:37 of 2nd period - Shot Misses the Net.
0:41 of 2nd period - Shot by Scott Wilson.
0:41 of 2nd period - Shot Misses the Net.
0:42 of 2nd period - Minor Penalty to Andy Greene for Hooking.
0:43 of 2nd period - Nate Thompson wins face-off versus Pavel Zacha in Islanders zone.
1:12 of 2nd period - Icing by Justin Schultz.
1:13 of 2nd period - Pavel Zacha wins face-off versus Colin Wilson in Devils zone.
1:13 of 2nd period - Pavel Zacha is hit by Lars Eller.
2:40 of 2nd period - Shot by Pavel Zacha.
2:40 of 2nd period - Stopped by Braden Holtby without a rebound.
2:41 of 2nd period - Zack Kassian wins face-off versus Dustin Brown in Islanders zone.
3:04 of 2nd period - Shot by Jean-Sebastien Dea.
3:04 of 2nd period - Stopped by Michal Neuvirth without a rebound.
3:05 of 2nd period - Lars Eller wins face-off versus Roman Lyubimov in Devils zone.
3:17 of 2nd period - Niklas Hjalmarsson is hit by Jordan Staal and loses puck.
3:50 of 2nd period - Icing by Anton Stralman.
3:51 of 2nd period - Nate Thompson wins face-off versus Roman Lyubimov in Devils zone.
3:52 of 2nd period - Shot by Colin Wilson.
3:52 of 2nd period - Shot Misses the Net.
3:55 of 2nd period - Icing by Anton Stralman.
3:56 of 2nd period - Roman Lyubimov wins face-off versus Nate Thompson in Devils zone.
4:00 of 2nd period - Dougie Hamilton is hit by Andy Greene.
4:12 of 2nd period - Minor Penalty to Pierre-Alexandr Parenteau for Hooking.
4:13 of 2nd period - Nate Thompson wins face-off versus Pavel Zacha in Islanders zone.
4:26 of 2nd period - Shot by Andy Greene.
4:26 of 2nd period - Stopped by Michal Neuvirth with a rebound.
4:34 of 2nd period - Shot by Justin Schultz.
4:34 of 2nd period - Shot Misses the Net.
5:11 of 2nd period - Shot by Dougie Hamilton.
5:11 of 2nd period - Shot Misses the Net.
5:25 of 2nd period - Shot by Dustin Brown.
5:25 of 2nd period - Shot Misses the Net.
5:48 of 2nd period - Icing by Drew Stafford.
5:49 of 2nd period - Pavel Zacha wins face-off versus Colin Wilson in Devils zone.
6:53 of 2nd period - Shot by Chris Terry.
6:53 of 2nd period - Shot Misses the Net.
7:16 of 2nd period - Icing by Luca Sbisa.
7:17 of 2nd period - Jordan Staal wins face-off versus Nate Thompson in Islanders zone.
7:18 of 2nd period - Shot by Mike Cammalleri.
7:18 of 2nd period - Shot Blocked by Luca Sbisa.
7:20 of 2nd period - Shot by Mike Cammalleri.
7:20 of 2nd period - Goal by Mike Cammalleri - Islanders : 0 - Devils : 2.
7:21 of 2nd period - Lars Eller wins face-off versus Jordan Staal in neutral zone.
8:05 of 2nd period - Scott Wilson is hit by Josh Manson and loses puck.
8:14 of 2nd period - Shot by Ales Hemsky.
8:14 of 2nd period - Stopped by Braden Holtby without a rebound.
8:15 of 2nd period - Brian Boyle wins face-off versus Pavel Zacha in Islanders zone.
8:34 of 2nd period - Icing by Anton Stralman.
8:35 of 2nd period - Jean-Sebastien Dea wins face-off versus Pavel Zacha in Devils zone.
8:44 of 2nd period - Shot by Nikolay Kulemin.
8:44 of 2nd period - Stopped by Braden Holtby without a rebound.
8:45 of 2nd period - Boyd Gordon wins face-off versus Brian Boyle in Islanders zone.
9:09 of 2nd period - Icing by Scott Wilson.
9:10 of 2nd period - Boyd Gordon wins face-off versus Jean-Sebastien Dea in Devils zone.
9:15 of 2nd period - Zack Kassian is hit by Scott Wilson and loses puck.
9:22 of 2nd period - Shot by Ales Hemsky.
9:22 of 2nd period - Shot Misses the Net.
9:23 of 2nd period - Minor Penalty to Josh Manson for Hooking.
9:24 of 2nd period - Jordan Staal wins face-off versus Nate Thompson in Islanders zone.
9:29 of 2nd period - Shot by Dougie Hamilton.
9:29 of 2nd period - Shot Blocked by Andy Greene.
9:31 of 2nd period - Shot by Anton Stralman.
9:31 of 2nd period - Stopped by Braden Holtby without a rebound.
9:32 of 2nd period - Nate Thompson wins face-off versus Jordan Staal in Islanders zone.
10:42 of 2nd period - Shot by Justin Schultz.
10:42 of 2nd period - Stopped by Braden Holtby without a rebound.
10:43 of 2nd period - Pavel Zacha wins face-off versus Colin Wilson in Islanders zone.
11:02 of 2nd period - Shot by Drew Stafford.
11:02 of 2nd period - Shot Blocked by Andy Greene.
11:04 of 2nd period - Shot by Nikolay Kulemin.
11:04 of 2nd period - Stopped by Braden Holtby without a rebound.
11:05 of 2nd period - Nate Thompson wins face-off versus Jordan Staal in Islanders zone.
11:05 of 2nd period - Nate Thompson is hit by Mike Cammalleri.
11:33 of 2nd period - Jakub Kindl is hit by Josh Jooris and loses puck.
11:50 of 2nd period - Shot by Zack Kassian.
11:50 of 2nd period - Shot Misses the Net.
11:52 of 2nd period - Shot by Josh Jooris.
11:52 of 2nd period - Shot Blocked by Jakub Kindl.
13:14 of 2nd period - Off-side.
13:15 of 2nd period - Brian Boyle wins face-off versus Pavel Zacha in neutral zone.
13:21 of 2nd period - Off-side.
13:22 of 2nd period - Pavel Zacha wins face-off versus Brian Boyle in neutral zone.
13:31 of 2nd period - Nikolay Kulemin is hit by Brian Boyle.
13:38 of 2nd period - Drew Stafford is hit by Derek Forbort and loses puck.
13:56 of 2nd period - Matt Read is hit by Justin Schultz and loses puck.
14:08 of 2nd period - Icing by Luca Sbisa.
14:09 of 2nd period - Nate Thompson wins face-off versus Boyd Gordon in Islanders zone.
14:31 of 2nd period - Shot by Boyd Gordon.
14:31 of 2nd period - Goal by Boyd Gordon - Islanders : 0 - Devils : 3.
14:32 of 2nd period - Jordan Staal wins face-off versus Lars Eller in neutral zone.
15:06 of 2nd period - Jordan Staal is hit by Josh Manson and loses puck.
15:18 of 2nd period - Icing by Josh Manson.
15:19 of 2nd period - Pavel Zacha wins face-off versus Lars Eller in Islanders zone.
15:32 of 2nd period - Shot by Nikolay Kulemin.
15:32 of 2nd period - Stopped by Braden Holtby with a rebound.
15:50 of 2nd period - Minor Penalty to Josh Manson for Interference.
15:51 of 2nd period - Nate Thompson wins face-off versus Jordan Staal in Islanders zone.
15:51 of 2nd period - Nate Thompson is hit by Dustin Brown.
16:01 of 2nd period - Shot by Dougie Hamilton.
16:01 of 2nd period - Stopped by Braden Holtby without a rebound.
16:02 of 2nd period - Jordan Staal wins face-off versus Brian Boyle in Islanders zone.
16:03 of 2nd period - Shot by Anton Stralman.
16:03 of 2nd period - Stopped by Braden Holtby with a rebound.
16:05 of 2nd period - Shot by Jordan Staal.
16:05 of 2nd period - Shot Blocked by Derek Forbort.
16:07 of 2nd period - Shot by Dougie Hamilton.
16:07 of 2nd period - Shot Blocked by Andy Greene.
16:09 of 2nd period - Shot by Mike Cammalleri.
16:09 of 2nd period - Stopped by Braden Holtby with a rebound.
16:17 of 2nd period - Shot by Dougie Hamilton.
16:17 of 2nd period - Stopped by Braden Holtby with a rebound.
16:38 of 2nd period - Icing by Jordan Staal.
16:39 of 2nd period - Nate Thompson wins face-off versus Jordan Staal in Devils zone.
19:07 of 2nd period - Andy Greene is hit by Dougie Hamilton and loses puck.
19:36 of 2nd period - Shot by Drew Stafford.
19:36 of 2nd period - Stopped by Braden Holtby without a rebound.
19:37 of 2nd period - Josh Anderson wins face-off versus Boyd Gordon in Islanders zone.
19:53 of 2nd period - Icing by Luca Sbisa.
19:54 of 2nd period - Lars Eller wins face-off versus Pavel Zacha in Islanders zone.
Goals for this period are 0 for Islanders vs 2 for Devils.
Shots for this period are 2 for Islanders vs 15 for Devils.

3rd period


0:01 of 3rd period - Lars Eller wins face-off versus Jordan Staal in neutral zone.
0:07 of 3rd period - Minor Penalty to Dougie Hamilton for Tripping.
0:08 of 3rd period - Jordan Staal wins face-off versus Nate Thompson in Devils zone.
0:29 of 3rd period - Icing by Josh Manson.
0:30 of 3rd period - Jordan Staal wins face-off versus Nate Thompson in Islanders zone.
1:40 of 3rd period - Anton Stralman is hit by Pierre-Alexandr Parenteau and loses puck.
1:59 of 3rd period - Shot by Josh Manson.
1:59 of 3rd period - Shot Blocked by Jordan Staal.
2:01 of 3rd period - Shot by Josh Manson.
2:01 of 3rd period - Goal by Josh Manson - Islanders : 1 - Devils : 3.
2:02 of 3rd period - Jean-Sebastien Dea wins face-off versus Pavel Zacha in neutral zone.
2:17 of 3rd period - Shot by Jean-Sebastien Dea.
2:17 of 3rd period - Stopped by Michal Neuvirth with a rebound.
2:19 of 3rd period - Shot by Jean-Sebastien Dea.
2:19 of 3rd period - Stopped by Michal Neuvirth with a rebound.
2:21 of 3rd period - Shot by Zack Kassian.
2:21 of 3rd period - Stopped by Michal Neuvirth without a rebound.
2:22 of 3rd period - Boyd Gordon wins face-off versus Brian Boyle in Devils zone.
2:22 of 3rd period - Boyd Gordon is hit by Brian Boyle.
2:34 of 3rd period - Shot by Scott Wilson.
2:34 of 3rd period - Stopped by Braden Holtby with a rebound.
2:41 of 3rd period - Off-side.
2:42 of 3rd period - Jordan Staal wins face-off versus Jean-Sebastien Dea in neutral zone.
3:13 of 3rd period - Shot by Josh Jooris.
3:13 of 3rd period - Shot Misses the Net.
3:27 of 3rd period - Shot by Lars Eller.
3:27 of 3rd period - Stopped by Michal Neuvirth without a rebound.
3:28 of 3rd period - Nate Thompson wins face-off versus Pavel Zacha in Devils zone.
3:39 of 3rd period - Justin Schultz is hit by Pierre-Alexandr Parenteau and loses puck.
4:01 of 3rd period - Shot by Shayne Gostisbehere.
4:01 of 3rd period - Stopped by Braden Holtby with a rebound.
4:10 of 3rd period - Justin Schultz is hit by Derek Forbort and loses puck.
4:21 of 3rd period - Andy Greene is hit by Ales Hemsky and loses puck.
5:27 of 3rd period - Minor Penalty to Roman Lyubimov for Holding.
5:28 of 3rd period - Jordan Staal wins face-off versus Matt Read in Devils zone.
5:28 of 3rd period - Jordan Staal is hit by Patrick Sharp.
6:34 of 3rd period - Shot by Lars Eller.
6:34 of 3rd period - Stopped by Michal Neuvirth with a rebound.
6:36 of 3rd period - Shot by Luca Sbisa.
6:36 of 3rd period - Goal by Luca Sbisa - Islanders : 2 - Devils : 3.
6:37 of 3rd period - Roman Lyubimov wins face-off versus Jean-Sebastien Dea in neutral zone.
6:47 of 3rd period - Steven Kampfer is hit by Josh Jooris.
6:48 of 3rd period - Icing by Steven Kampfer.
6:49 of 3rd period - Josh Jooris wins face-off versus Roman Lyubimov in Devils zone.
6:54 of 3rd period - Shot by Jean-Sebastien Dea.
6:54 of 3rd period - Stopped by Michal Neuvirth without a rebound.
6:55 of 3rd period - Lars Eller wins face-off versus Pavel Zacha in Devils zone.
6:59 of 3rd period - Patrick Sharp is hit by Anton Stralman and loses puck.
7:05 of 3rd period - Icing by Dougie Hamilton.
7:06 of 3rd period - Nikolay Kulemin wins face-off versus Brian Boyle in Devils zone.
7:56 of 3rd period - Lars Eller is hit by Justin Schultz and loses puck.
8:05 of 3rd period - Shot by Dustin Brown.
8:05 of 3rd period - Shot Misses the Net.
8:07 of 3rd period - Shot by Jordan Staal.
8:07 of 3rd period - Stopped by Braden Holtby without a rebound.
8:08 of 3rd period - Boyd Gordon wins face-off versus Jean-Sebastien Dea in Islanders zone.
8:17 of 3rd period - Boyd Gordon is hit by Zack Kassian and loses puck.
9:54 of 3rd period - Shot by Nikolay Kulemin.
9:54 of 3rd period - Shot Blocked by Niklas Hjalmarsson.
10:12 of 3rd period - Shot by Drew Stafford.
10:12 of 3rd period - Shot Misses the Net.
10:32 of 3rd period - Icing by Niklas Hjalmarsson.
10:33 of 3rd period - Ales Hemsky wins face-off versus Lars Eller in Islanders zone.
11:21 of 3rd period - Pierre-Alexandr Parenteau is hit by Chris Terry and loses puck.
11:37 of 3rd period - Icing by Luca Sbisa.
11:38 of 3rd period - Dustin Brown wins face-off versus Pierre-Alexandr Parenteau in Islanders zone.
11:38 of 3rd period - Dustin Brown is hit by Roman Polak.
11:42 of 3rd period - Shot by Mike Cammalleri.
11:42 of 3rd period - Shot Blocked by Luca Sbisa.
11:48 of 3rd period - Shot by Dustin Brown.
11:48 of 3rd period - Shot Misses the Net.
11:50 of 3rd period - Shot by Shayne Gostisbehere.
11:50 of 3rd period - Shot Misses the Net.
11:52 of 3rd period - Shot by Dustin Brown.
11:52 of 3rd period - Stopped by Braden Holtby without a rebound.
11:53 of 3rd period - Brian Boyle wins face-off versus Nikolay Kulemin in Islanders zone.
12:03 of 3rd period - Icing by Shayne Gostisbehere.
12:04 of 3rd period - Pavel Zacha wins face-off versus Brian Boyle in Devils zone.
12:04 of 3rd period - Pavel Zacha is hit by Brian Boyle.
12:17 of 3rd period - Minor Penalty to Derek Forbort for Hooking.
12:18 of 3rd period - Nate Thompson wins face-off versus Jordan Staal in Islanders zone.
12:18 of 3rd period - Nate Thompson is hit by Jordan Staal.
12:58 of 3rd period - Shot by Dougie Hamilton.
12:58 of 3rd period - Stopped by Braden Holtby without a rebound.
12:59 of 3rd period - Pavel Zacha wins face-off versus Brian Boyle in Islanders zone.
13:18 of 3rd period - Shot by Justin Schultz.
13:18 of 3rd period - Stopped by Braden Holtby without a rebound.
13:19 of 3rd period - Jordan Staal wins face-off versus Colin Wilson in Islanders zone.
13:38 of 3rd period - Shot by Dustin Brown.
13:38 of 3rd period - Stopped by Braden Holtby with a rebound.
13:40 of 3rd period - Shot by Jordan Staal.
13:40 of 3rd period - Stopped by Braden Holtby without a rebound.
13:41 of 3rd period - Nate Thompson wins face-off versus Pavel Zacha in Islanders zone.
14:13 of 3rd period - Shot by Drew Stafford.
14:13 of 3rd period - Shot Misses the Net.
14:15 of 3rd period - Shot by Nikolay Kulemin.
14:15 of 3rd period - Goal by Nikolay Kulemin - Islanders : 2 - Devils : 4.
14:16 of 3rd period - Jean-Sebastien Dea wins face-off versus Boyd Gordon in neutral zone.
14:34 of 3rd period - Off-side.
14:35 of 3rd period - Jordan Staal wins face-off versus Lars Eller in neutral zone.
14:53 of 3rd period - Shot by Lars Eller.
14:53 of 3rd period - Shot Misses the Net.
15:07 of 3rd period - Shot by Jordan Staal.
15:07 of 3rd period - Stopped by Braden Holtby without a rebound.
15:08 of 3rd period - Nate Thompson wins face-off versus Pavel Zacha in Islanders zone.
15:21 of 3rd period - Icing by Nate Thompson.
15:22 of 3rd period - Nate Thompson wins face-off versus Boyd Gordon in Islanders zone.
15:39 of 3rd period - Shot by Ales Hemsky.
15:39 of 3rd period - Shot Misses the Net.
17:27 of 3rd period - Jakub Kindl is hit by Josh Anderson and loses puck.
17:56 of 3rd period - Shot by Matt Read.
17:56 of 3rd period - Stopped by Michal Neuvirth with a rebound.
17:58 of 3rd period - Shot by Luca Sbisa.
17:58 of 3rd period - Stopped by Michal Neuvirth without a rebound.
17:59 of 3rd period - Jean-Sebastien Dea wins face-off versus Boyd Gordon in Devils zone.
18:00 of 3rd period - Shot by Josh Jooris.
18:00 of 3rd period - Shot Misses the Net.
18:19 of 3rd period - Scott Wilson is hit by Luca Sbisa and loses puck.
18:57 of 3rd period - Minor Penalty to Roman Polak for Hooking.
18:58 of 3rd period - Nate Thompson wins face-off versus Jordan Staal in Islanders zone.
18:58 of 3rd period - Brian Boyle is hit by Dustin Brown and loses puck.
19:36 of 3rd period - Off-side.
19:37 of 3rd period - Nate Thompson wins face-off versus Pavel Zacha in neutral zone.
19:52 of 3rd period - Shot by Drew Stafford.
19:52 of 3rd period - Stopped by Braden Holtby without a rebound.
19:53 of 3rd period - Nate Thompson wins face-off versus Pavel Zacha in Islanders zone.
Goals for this period are 2 for Islanders vs 1 for Devils.
Shots for this period are 10 for Islanders vs 11 for Devils.